SL
SEATTLE AVIATORS @ WIZARDING EXPRESS
09/03/2032
 
TOP OF THE 1ST
Seattle Aviators batting - Pitching for Wizarding Express : RHP Juan Contreras
Pitching: RHP Juan Contreras
Batting: SHB Nuygen Vuong 0-0: Foul Ball, location: 2F
0-1: Swinging Strike
0-2: Strikes out looking
Batting: LHB Vinski Prifti 0-0: Swinging Strike
0-1: SINGLE (Groundball, 56D)
Batting: LHB Kenny Webster 0-0: Ball
1-0: Ball
Vinski Prifti steals 2nd base
2-0: Ball
3-0: Called Strike
3-1: Base on Balls
Batting: LHB Arana Sashi 0-0: Ball
1-0: Ball
2-0: Called Strike
2-1: Ball
3-1: Base on Balls
Vinski Prifti to third
Kenny Webster to second
Batting: LHB Pedro Corona 0-0: Foul Ball, location: 2F
0-1: Fly out, F9 (Flyball, 9LM)
Runner from 3rd tags up, OUT at HOME
Top of the 1st over - 0 runs, 1 hit, 0 errors, 2 left on base; Seattle 0 - Wizarding 0
BOTTOM OF THE 1ST
Wizarding Express batting - Pitching for Seattle Aviators : RHP José Lucero
Pitching: RHP José Lucero
Batting: LHB José Corona 0-0: Swinging Strike
0-1: Swinging Strike
0-2: Strikes out looking
Batting: SHB Salvador Trevino 0-0: Called Strike
0-1: Foul Ball, location: 2F
0-2: Ball
1-2: Ball
2-2: Foul Ball, location: 2F
2-2: Ground out 1-3 (Groundball, 15S)
Batting: LHB Nathan Tanner 0-0: Ball
1-0: Called Strike
1-1: Ball
2-1: Foul Ball, location: 2F
2-2: Foul Ball, location: 2F
2-2: Ball
3-2: Strikes out swinging
Bottom of the 1st over - 0 runs, 0 hits, 0 errors, 0 left on base; Seattle 0 - Wizarding 0
TOP OF THE 2ND
Seattle Aviators batting - Pitching for Wizarding Express : RHP Juan Contreras
Batting: RHB Seon-keun Kim 0-0: Ball
1-0: Called Strike
1-1: Foul Ball, location: 2F
1-2: Foul Ball, location: 2F
1-2: Ground out 6-3 (Groundball, 6)
Batting: RHB Logan Namajunas 0-0: Ball
1-0: Fly out, F8 (Flyball, 8RD)
Batting: RHB Enrique Ibarra 0-0: Called Strike
0-1: Swinging Strike
0-2: Ball
1-2: Strikes out swinging, 2-3 out at first.
Top of the 2nd over - 0 runs, 0 hits, 0 errors, 0 left on base; Seattle 0 - Wizarding 0
BOTTOM OF THE 2ND
Wizarding Express batting - Pitching for Seattle Aviators : RHP José Lucero
Batting: RHB Ralph Cranford 0-0: Called Strike
0-1: Swinging Strike
0-2: Ball
1-2: Strikes out swinging
Batting: SHB Fernando Sánchez 0-0: Ball
1-0: Swinging Strike
1-1: Called Strike
1-2: Foul Ball, location: 2F
1-2: Ground out 4-3 (Groundball, 4)
Batting: LHB António Boccanegra 0-0: Foul Ball, location: 2F
0-1: Ball
1-1: Ball
2-1: Ball
3-1: Foul Ball, location: 2F
3-2: Base on Balls
Batting: RHB Frank Grimes 0-0: Called Strike
0-1: Swinging Strike
0-2: Ball
1-2: Strikes out looking
Bottom of the 2nd over - 0 runs, 0 hits, 0 errors, 1 left on base; Seattle 0 - Wizarding 0
TOP OF THE 3RD
Seattle Aviators batting - Pitching for Wizarding Express : RHP Juan Contreras
Batting: RHB Tomás Gonzáles 0-0: Called Strike
0-1: Ball
1-1: Foul Ball, location: 2F
1-2: DOUBLE (Flyball, 9LD)
Batting: SHB Nuygen Vuong 0-0: Fly out, F7 (Flyball, 78S)
Batting: LHB Vinski Prifti 0-0: Ground out U3 (Groundball, 34S)
Tomás Gonzáles to third
Batting: LHB Kenny Webster 0-0: Ball
1-0: Called Strike
1-1: Ball
2-1: Called Strike
2-2: Ball
3-2: Foul Ball, location: 2F
3-2: SINGLE (Popup, 4D)
Tomás Gonzáles scores
Batting: LHB Arana Sashi 0-0: Ball
1-0: Fielders Choice at 2nd, 6-4 (Groundball, 6)
Top of the 3rd over - 1 run, 2 hits, 0 errors, 1 left on base; Seattle 1 - Wizarding 0
BOTTOM OF THE 3RD
Wizarding Express batting - Pitching for Seattle Aviators : RHP José Lucero
Batting: RHB Gustavo Mateo 0-0: DOUBLE (Line Drive, 78D)
Batting: LHB David Holbrook 0-0: Ball
1-0: Ball
2-0: Swinging Strike
2-1: Fly out, F9 (Flyball, 89S)
Batting: LHB José Corona 0-0: Ball
1-0: Ground out U3 (Groundball, 34S)
Gustavo Mateo to third
Batting: SHB Salvador Trevino 0-0: Ball
1-0: Fly out, F8 (Flyball, 8LXD)
Bottom of the 3rd over - 0 runs, 1 hit, 0 errors, 1 left on base; Seattle 1 - Wizarding 0
TOP OF THE 4TH
Seattle Aviators batting - Pitching for Wizarding Express : RHP Juan Contreras
Batting: LHB Pedro Corona 0-0: Called Strike
0-1: Foul Ball, location: 2F
0-2: Ball
1-2: Ball
2-2: Strikes out swinging
Batting: RHB Seon-keun Kim 0-0: Called Strike
0-1: Foul Ball, location: 2F
0-2: Foul Ball, location: 2F
0-2: Ball
1-2: Ball
2-2: Ball
3-2: Foul Ball, location: 2F
3-2: Ground out 6-3 (Groundball, 6)
Batting: RHB Logan Namajunas 0-0: Ground out 4-3 (Groundball, 4)
Top of the 4th over - 0 runs, 0 hits, 0 errors, 0 left on base; Seattle 1 - Wizarding 0
BOTTOM OF THE 4TH
Wizarding Express batting - Pitching for Seattle Aviators : RHP José Lucero
Batting: LHB Nathan Tanner 0-0: Ball
1-0: Ball
2-0: Foul Ball, location: 2F
2-1: Ball
3-1: Called Strike
3-2: Base on Balls
Batting: RHB Ralph Cranford 0-0: Ball
1-0: Fielders Choice at 2nd, 6-4 (Groundball, 6M)
Batting: SHB Fernando Sánchez 0-0: Called Strike
0-1: Ball
1-1: Ball
2-1: Ball
3-1: Swinging Strike
3-2: SINGLE (Line Drive, 89S)
Ralph Cranford to second
Batting: LHB António Boccanegra 0-0: Called Strike
0-1: Swinging Strike
0-2: SINGLE (Line Drive, 4)
Ralph Cranford to third
Fernando Sánchez to second
Runner from 3rd tries for Home, SAFE, throw made home
Batting: RHB Frank Grimes 0-0: Swinging Strike
0-1: Foul Ball, location: 2F
0-2: Ball
1-2: Ball
2-2: Fly out, F7 (Flyball, 78S)
Batting: RHB Gustavo Mateo 0-0: Called Strike
0-1: Ball
1-1: Ball
2-1: Ball
3-1: Base on Balls
Fernando Sánchez to third
António Boccanegra to second
Batting: LHB David Holbrook 0-0: Fielders Choice at 2nd, 6-4 (Groundball, 6)
Bottom of the 4th over - 1 run, 2 hits, 0 errors, 3 left on base; Seattle 1 - Wizarding 1
TOP OF THE 5TH
Seattle Aviators batting - Pitching for Wizarding Express : RHP Juan Contreras
Batting: RHB Enrique Ibarra 0-0: Fly out, F7 (Line Drive, 78M)
Batting: RHB Tomás Gonzáles 0-0: Called Strike
0-1: Ball
1-1: Called Strike
1-2: Ball
2-2: Ground out 4-3 (Groundball, 4)
Batting: SHB Nuygen Vuong 0-0: Ball
1-0: Called Strike
1-1: Bunt for hit - play at first, batter OUT! 1-3
Top of the 5th over - 0 runs, 0 hits, 0 errors, 0 left on base; Seattle 1 - Wizarding 1
BOTTOM OF THE 5TH
Wizarding Express batting - Pitching for Seattle Aviators : RHP José Lucero
Batting: LHB José Corona 0-0: Foul Ball, location: 2F
0-1: Ball
1-1: SINGLE (Flyball, 7LS)
Batting: SHB Salvador Trevino 0-0: Ball
1-0: SINGLE (Line Drive, 78M)
José Corona to second
Batting: LHB Nathan Tanner 0-0: Ball
1-0: Ball
2-0: Fly out, F7 (Flyball, 7LM)
Batting: RHB Ralph Cranford 0-0: Called Strike
0-1: Ball
1-1: Fly out, F9 (Flyball, 89S)
Batting: SHB Fernando Sánchez 0-0: Fielders Choice at 2nd, 6-4 (Groundball, 4M)
Bottom of the 5th over - 0 runs, 2 hits, 0 errors, 2 left on base; Seattle 1 - Wizarding 1
TOP OF THE 6TH
Seattle Aviators batting - Pitching for Wizarding Express : RHP Juan Contreras
Batting: LHB Vinski Prifti 0-0: Called Strike
0-1: Ground out 4-3 (Groundball, 4MS)
Batting: LHB Kenny Webster 0-0: Called Strike
0-1: Ground out 4-3 (Groundball, 4)
Batting: LHB Arana Sashi 0-0: Ball
1-0: Ball
2-0: Ball
3-0: Called Strike
3-1: Foul Ball, location: 2F
3-2: Foul Ball, location: 2F
3-2: Fly out, F5 (Line Drive, 56)
Top of the 6th over - 0 runs, 0 hits, 0 errors, 0 left on base; Seattle 1 - Wizarding 1
BOTTOM OF THE 6TH
Wizarding Express batting - Pitching for Seattle Aviators : RHP José Lucero
Batting: LHB António Boccanegra 0-0: Ball
1-0: Ground out 6-3 (Groundball, 6)
Batting: RHB Frank Grimes 0-0: Ball
1-0: Foul Ball, location: 2F
1-1: Ball
2-1: Foul Ball, location: 2F
2-2: Fly out, F7 (Flyball, 7LMF)
Batting: RHB Gustavo Mateo 0-0: Foul Ball, location: 2F
0-1: Fly out, F7 (Flyball, 78S)
Bottom of the 6th over - 0 runs, 0 hits, 0 errors, 0 left on base; Seattle 1 - Wizarding 1
TOP OF THE 7TH
Seattle Aviators batting - Pitching for Wizarding Express : RHP Juan Contreras
Batting: LHB Pedro Corona 0-0: Ball
1-0: Called Strike
1-1: Ball
2-1: Called Strike
2-2: Ball
3-2: Strikes out swinging
Batting: RHB Seon-keun Kim 0-0: Swinging Strike
0-1: Ball
1-1: Ball
2-1: Ball
3-1: Base on Balls
Batting: RHB Logan Namajunas 0-0: Called Strike
0-1: Ball
1-1: Ball
2-1: Ball
3-1: Swinging Strike
3-2: Base on Balls
Seon-keun Kim to second
Batting: RHB Enrique Ibarra 0-0: Ball
1-0: Ball
2-0: Called Strike
2-1: Swinging Strike
2-2: Ball
3-2: Fly out, F8 (Line Drive, 8RD)
Runner from 2nd tags up, SAFE at 3rd with throw
Batting: RHB Tomás Gonzáles 0-0: Fielders Choice at 2nd, 5-4 (Groundball, 56)
Top of the 7th over - 0 runs, 0 hits, 0 errors, 2 left on base; Seattle 1 - Wizarding 1
BOTTOM OF THE 7TH
Wizarding Express batting - Pitching for Seattle Aviators : RHP José Lucero
Batting: LHB David Holbrook 0-0: Swinging Strike
0-1: Fly out, F4 (Popup, 13S)
Batting: LHB José Corona 0-0: Ground out 4-3 (Groundball, 4)
Batting: SHB Salvador Trevino 0-0: Ball
1-0: Ball
2-0: Ground out 6-3 (Groundball, 6)
Bottom of the 7th over - 0 runs, 0 hits, 0 errors, 0 left on base; Seattle 1 - Wizarding 1
TOP OF THE 8TH
Seattle Aviators batting - Pitching for Wizarding Express : RHP Juan Contreras
Batting: SHB Nuygen Vuong 0-0: Ball
1-0: Foul Ball, location: 2F
1-1: Swinging Strike
1-2: Ground out 4-3 (Groundball, 4)
Batting: LHB Vinski Prifti 0-0: Ball
1-0: Fly out, F9 (Flyball, 89D)
Batting: LHB Kenny Webster 0-0: Ball
1-0: Swinging Strike
1-1: Called Strike
1-2: SINGLE (Flyball, 9LM)
Pitching: RHP Marcos Oquendo
Pinch Runner at 1st Alfredo Méndez:
Batting: LHB Arana Sashi 0-0: Called Strike
0-1: Foul Ball, location: 2F
0-2: Strikes out looking
Top of the 8th over - 0 runs, 1 hit, 0 errors, 1 left on base; Seattle 1 - Wizarding 1
BOTTOM OF THE 8TH
Wizarding Express batting - Pitching for Seattle Aviators : RHP José Lucero
Now at 3B: Alfredo Méndez
Batting: LHB Nathan Tanner 0-0: Ball
1-0: Foul Ball, location: 2F
1-1: Swinging Strike
1-2: Foul Ball, location: 2F
1-2: Fly out, F7 (Flyball, 7D)
Batting: RHB Ralph Cranford 0-0: Fly out, F7 (Flyball, 78M)
Batting: SHB Fernando Sánchez 0-0: Ball
1-0: Called Strike
1-1: Foul Ball, location: 2F
1-2: Ball
2-2: SOLO HOME RUN (Flyball, 89XD), Distance : 369 ft
Batting: LHB António Boccanegra 0-0: Ball
1-0: Ball
2-0: Ball
3-0: Base on Balls
Pitching: LHP Yajirobei Otomo
Batting: RHB Frank Grimes 0-0: Called Strike
0-1: Foul Ball, location: 2F
0-2: Ball
1-2: 2-RUN HOME RUN (Flyball, 9LD), Distance : 324 ft
Batting: RHB Gustavo Mateo 0-0: Ball
1-0: Called Strike
1-1: Called Strike
1-2: Ball
2-2: Foul Ball, location: 2F
2-2: Ball
3-2: Foul Ball, location: 2F
3-2: Foul Ball, location: 2F
3-2: Strikes out looking
Bottom of the 8th over - 3 runs, 2 hits, 0 errors, 0 left on base; Seattle 1 - Wizarding 4
TOP OF THE 9TH
Seattle Aviators batting - Pitching for Wizarding Express : RHP Marcos Oquendo
Pitching: LHP Dorian Daly
Batting: LHB Pedro Corona 0-0: Ball
1-0: Ball
2-0: Called Strike
2-1: Called Strike
2-2: Ground out 4-3 (Groundball, 4)
Batting: RHB Seon-keun Kim 0-0: Ground out 5-3 (Groundball, 25)
Batting: RHB Logan Namajunas 0-0: Ball
1-0: Foul Ball, location: 2F
1-1: Foul Ball, location: 2F
1-2: Foul Ball, location: 2F
1-2: Foul Ball, location: 2F
1-2: Foul Ball, location: 2F
1-2: Ball
2-2: Ball
3-2: Foul Ball, location: 2F
3-2: Fly out, F5 (Line Drive, 56)
Top of the 9th over - 0 runs, 0 hits, 0 errors, 0 left on base; Seattle 1 - Wizarding 4
Wednesday, September 19th, 2018 - OOTP Baseball 18.8 Build 76